 Dungeon Crawl Stone Soup version 0.32-a0-314-g526f7d4993 (webtiles) character file.

Game seed: 4369570046067192293

553063 tilp the Maledictor (level 25, -20/211 (216) HPs)
             Began as a Vampire Enchanter on Feb 14, 2024.
             Was the Champion of Wu Jian.
             Demolished by a golden dragon (38 damage)
             ... on level 3 of the Realm of Zot on Feb 15, 2024.
             The game lasted 04:04:58 (82567 turns).

tilp the Maledictor (Vampire Enchanter)            Turns: 82567, Time: 04:04:58

HP:   -20/211 (216) AC: 25    Str: 12    XL:     25   Next: 11%
MP:   33/48         EV: 22    Int: 41    God:    Wu Jian [******]
Gold: 558           SH: 22    Dex: 20    Spells: 6/49 levels left

rFire   + + .        a - +8 dagger (elec)
rCold   + + +        U - +5 Storm Queen's Shield {shock, Fly rElec}
rNeg    + . .        n - +4 scale mail of Dust Devil {rF++ Will+ Regen+ Int+4}
rPois   +            D - +2 helmet {Int+3}
rElec   +            L - +2 cloak {rPois}
rCorr   +            d - +1 pair of gloves of Untruth {rC+++ rCorr}
SInv    +            I - +2 pair of boots
Will    +++..        e - amulet "Muibusep" {Reflect +Inv MP+9 Str+5 Slay-3 SH+5}
Stlth   ++++++       P - ring of the Skiapode {+Blink rN+ rCorr Dex+4}
HPRegen 1.55/turn    V - ring of the Suburbs {EV+5 Int+6}
MPRegen 0.31/turn

%: reflection
@: flying, healing quickly, lightly drained
A: alive, fangs 3, see invisible, vampiric 2
}: 3/15 runes: decaying, abyssal, gossamer
a: Exsanguinate, Renounce Religion, Evoke Blink, Evoke Invisibility, Wall Jump,
Serpent's Lash, Heavenly Storm


You were on level 3 of the Realm of Zot.
You worshipped Wu Jian.
Wu Jian was exalted by your worship.
You visited 10 branches of the dungeon, and saw 47 of its levels.
You visited the Abyss 2 times.
You also visited: Ice Cave.

You collected 7120 gold pieces.
You spent 6562 gold pieces at shops.

Inventory:

Hand Weapons
 a - a +8 dagger of electrocution (weapon)
 B - a +5 demon blade of flaming
Missiles
 i - 6 datura-tipped darts
 u - 2 throwing nets {!f}
 x - 12 javelins
 y - 20 boomerangs (quivered)
 A - 52 poisoned darts
 R - 11 curare-tipped darts {!f}
Armour
 d - the +1 pair of gloves of Untruth (worn) {rC+++ rCorr}
   (You acquired it on level 2 of the Vaults)

   rC+++:     It renders you almost immune to cold.
   rCorr:     It protects you from acid and corrosion.
 n - the +4 scale mail of Dust Devil (worn) {rF++ Will+ Regen+ Int+4}
   (You bought it in a shop on level 12 of the Dungeon)

   Int+4:     It affects your intelligence (+4).
   rF++:      It greatly protects you from fire.
   Will+:     It increases your willpower.
   Regen+:    It increases your rate of health regeneration.
 D - a +2 helmet of intelligence (worn)
 I - a +2 pair of boots (worn)
 L - a +2 cloak of poison resistance (worn)
 O - a +2 hat of willpower
 U - the +5 Storm Queen's Shield (worn) {shock, Fly rElec}
   (You acquired it on level 3 of the Lair of Beasts)

   Shock:     When it blocks an attack, it may electrocute the attacker.
   This works even against foes who are a short distance away.
   rElec:     It insulates you from electricity.
   Fly:       It grants you flight.
Jewellery
 e - the amulet "Muibusep" (around neck) {Reflect +Inv MP+9 Str+5 Slay-3 SH+5}
   (You found it on level 4 of the Lair of Beasts)

   [amulet of reflection]

   Reflect:   It reflects blocked missile attacks.
   Str+5:     It affects your strength (+5).
   Slay-3:    It affects your accuracy & damage with ranged weapons and melee
   (-3).
   MP+9:      It affects your magic capacity (+9).
   +Inv:      It lets you turn invisible.
   SH+5:      It affects your SH (+5).
 E - a ring of magical power
 P - the ring of the Skiapode (left hand) {+Blink rN+ rCorr Dex+4}
   (You found it on level 4 of the Swamp)

   [ring of resist corrosion]

   Dex+4:     It affects your dexterity (+4).
   rN+:       It protects you from negative energy.
   +Blink:    It lets you blink.
   rCorr:     It protects you from acid and corrosion.
 V - the ring of the Suburbs (right hand) {EV+5 Int+6}
   (You acquired it on level 3 of the Lair of Beasts)

   [ring of evasion]

   EV+5:      It affects your evasion (+5).
   Int+6:     It affects your intelligence (+6).
Wands
 q - a wand of iceblast (21)
 C - a wand of charming (40)
 H - a wand of light (47)
 Q - a wand of digging (19)
 W - a wand of flame (95)
 X - a wand of mindburst (23)
 Z - a wand of polymorph (24)
Scrolls
 f - 6 scrolls of blinking
 p - a scroll of silence
 r - 8 scrolls of vulnerability
 t - a scroll of revelation
 v - 16 scrolls of teleportation
 G - 4 scrolls of poison
 N - 2 scrolls of fog
 S - 12 scrolls of fear
Potions
 c - a potion of invisibility
 g - 6 potions of ambrosia
 h - 2 potions of cancellation
 j - 3 potions of attraction
 k - 15 potions of curing
 m - 2 potions of resistance
 o - 6 potions of lignification
 s - 8 potions of heal wounds
 w - 17 potions of brilliance
 z - 6 potions of haste
 J - 6 potions of mutation
 K - 2 potions of magic
Miscellaneous
 l - a tin of tremorstones (2/2)
 F - a box of beasts (inert)
 T - a phantom mirror
 Y - a lightning rod (4/4)


   Skills:
 * Level 21.7 Fighting
 - Level 14.0 Short Blades
 + Level 7.5 Throwing
 - Level 9.0 Armour
 + Level 16.8 Dodging
 - Level 20.0 Stealth
 - Level 10.0 Shields
 + Level 12.8 Spellcasting
 - Level 4.0 Conjurations
 + Level 23.8 Hexes
 - Level 4.0 Summonings
 - Level 4.0 Translocations
 - Level 2.0 Ice Magic
 - Level 4.0 Air Magic
 - Level 6.0 Alchemy
 + Level 16.3 Evocations


You had 6 spell levels left.
You knew the following spells:

 Your Spells              Type           Power      Damage    Failure   Level
a - Ensorcelled Hibernat  Hex/Ice        100%       N/A       1%          2
b - Confusing Touch       Hex            100%       N/A       0%          3
c - Tukima's Dance        Hex            100%       N/A       0%          3
d - Dazzling Flash        Conj/Hex       100%       N/A       1%          3
e - Yara's Violent Unrav  Hex/Alch       49%        3d19      1%          5
f - Silence               Hex/Air        48%        N/A       1%          5
g - Enfeeble              Hex            61%        N/A       1%          7
h - Blink                 Tloc           100%       N/A       3%          2
i - Summon Mana Viper     Hex/Summ       96%        N/A       1%          5
j - Discord               Hex            61%        N/A       4%          8

Your spell library contained the following spells:

 Spells                   Type           Power      Damage    Failure   Level
 Jinxbite                 Hex            100%       N/A       0%          2
 Cause Fear               Hex            61%        N/A       0%          4
 Sting                    Conj/Alch      100%       1d9       1%          1
 Inner Flame              Hex/Fire       90%        N/A       1%          3
 Anguish                  Hex/Necr       45%        N/A       1%          4
 Metabolic Englaciation   Hex/Ice        46%        N/A       1%          5
 Magic Dart               Conj           100%       1d8       2%          1
 Shock                    Conj/Air       100%       1d9       2%          1
 Mercury Vapours          Alch/Air       100%       N/A       2%          2
 Lesser Beckoning         Tloc           100%       N/A       3%          2
 Momentum Strike          Conj/Tloc      100%       3d10      3%          2
 Searing Ray              Conj           100%       2d8       3%          2
 Static Discharge         Conj/Air       100%       3-8/arc   3%          2
 Cigotuvi's Dreadful Rot  Necr/Alch/Air  100%       N/A       4%          2
 Freeze                   Ice            100%       1d10      5%          1
 Kiss of Death            Conj/Necr      100%       2d13      5%          1
 Mephitic Cloud           Conj/Alch/Air  59%        N/A       5%          3
 Swiftness                Air            56%        N/A       8%          3
 Hailstorm                Conj/Ice       50%        3d10      11%         3
 Summon Ice Beast         Ice/Summ       50%        N/A       11%         3
 Olgreb's Toxic Radiance  Alch           66%        N/A       11%         4
 Necrotise                Necr           100%       1d9       13%         1
 Sandblast                Erth           52%        2d12      13%         1
 Fulminant Prism          Conj/Alch      30%        3d15      16%         4
 Frozen Ramparts          Ice            84%        1d13      17%         3
 Stone Arrow              Conj/Erth      84%        3d12      17%         3
 Volatile Blastmotes      Fire/Tloc      84%        2d17      17%         3
 Airstrike                Air            28%        2d(4-20)  24%         4
 Iskenderun's Mystic Bla  Conj/Tloc      56%        2d12      24%         4
 Passage of Golubria      Tloc           56%        N/A       24%         4
 Summon Lightning Spire   Summ/Air       56%        N/A       24%         4
 Vhi's Electric Charge    Tloc/Air       100%       N/A       24%         4
 Passwall                 Erth           26%        N/A       36%         3
 Vampiric Draining        Necr           26%        2d7       36%         3
 Ignite Poison            Fire/Alch      50%        N/A       36%         4
 Leda's Liquefaction      Alch/Erth      25%        N/A       36%         4
 Petrify                  Alch/Erth      50%        N/A       36%         4
 Sticky Flame             Fire/Alch      50%        2d9       36%         4
 Brom's Barrelling Bould  Conj/Erth      42%        2d6       50%         4
 Martyr's Knell           Necr/Summ      42%        N/A       50%         4
 Summon Forest            Summ/Tloc      28%        N/A       56%         5
 Freezing Cloud           Conj/Ice/Air   26%        6-21      65%         5
 Dispel Undead            Necr           26%        3d13      77%         4
 Fireball                 Conj/Fire      21%        3d10      83%         5
 Curse of Agony           Necr           26%        N/A       98%         5
 Conjure Ball Lightning   Conj/Air       28%        3x3d8     98%         6
 Dispersal                Tloc           28%        N/A       98%         6
 Monstrous Menagerie      Summ           28%        N/A       100%        7
 Disjunction              Tloc           28%        N/A       100%        8
 Ignition                 Fire           13%        3d6       100%        8
 Dragon's Call            Summ           28%        N/A       100%        9
 Shatter                  Erth           13%        3d13*     100%        9


Dungeon Overview and Level Annotations

Branches:
Dungeon (15/15)            Temple (1/1) D:6            Lair (5/5) D:9
  Swamp (4/4) Lair:3       Spider (4/4) Lair:2        Slime (0/5) Lair:4
    Orc (2/2) D:11            Elf (3/3) Orc:2        Vaults (5/5) D:14
  Crypt (0/3) Vaults:3     Depths (4/4) D:15            Zot (4/5) Depths:4
  IceCv (visited)

Altars:
Ashenzari
Cheibriados
Dithmenos
Fedhas
Gozag
Hepliaklqana
Kikubaaqudgha
Makhleb
Nemelex Xobeh
Okawaru
Qazlal
Ru
Sif Muna
Trog
Uskayaw
Vehumet
Wu Jian
Xom
Yredelemnul
Beogh
Jiyva

Shops:
D:2 :   D:4 (   D:11 :   D:12 [:*[*   D:15 *   Orc:2 ![[*=   Elf:1 [   Elf:3 (
Vaults:1 (?   Vaults:2 *   Vaults:4 :(*=

Portals:
Hell: Depths:1 Depths:2 Depths:3 Depths:4
Abyss: Depths:1 Depths:2 Depths:3 Depths:4
Pandemonium: Depths:2 Depths:4
Ziggurat: Depths:2
Trove: D:11 (give +6 demon blade)

Annotations:
Depths:2 3 runed translucent doors, lDtest's ghost, veteran OnFE
Depths:4 big vault unfinished


Innate Abilities, Weirdness & Mutations

Your natural rate of healing is accelerated.
You have razor-sharp teeth.
You have supernaturally acute eyesight. (SInv)
You are afflicted with vampirism and can become a bat while bloodless.


Message History

The golden dragon bites you!
* * * LOW HITPOINT WARNING * * *
The golden dragon closely misses you. x2
Your mana viper bites the golden dragon!
You hit the golden dragon but do no damage.
You bite the golden dragon, but do no damage.
The golden dragon is severely wounded.
Your mana viper disappears in a puff of smoke!
The golden dragon completely misses you.
You block the golden dragon's attack.
The golden dragon tramples you but does no damage.
Casting: Enfeeble (mildly dangerous; 1% risk of failure)
Confirm with . or Enter, or press ? or * to list all spells.
You blink.
You block the golden dragon's attack.
Your shield discharges, shocking the golden dragon!
The golden dragon resists.
You block the golden dragon's attack. x2
The golden dragon bites you but does no damage.
The golden dragon claws you!
* * * LOW HITPOINT WARNING * * *
The golden dragon completely misses you.
Casting: Blink (safe; 3% risk of failure)
Confirm with . or Enter, or press ? or * to list all spells.
You are still too unstable to blink.
Unknown command.
You feel much better.
You feel ready to blink again.
You block the golden dragon's attack. x3
Unknown command.
You open the lid... ...and a mature batfire beast flies out!
The box is emptied!
You block the golden dragon's attack. x3
The golden dragon bites you!!!
* * * LOW HITPOINT WARNING * * *
The golden dragon closely misses you.
The golden dragon completely misses you.
You hit the golden dragon but do no damage.
The golden dragon is severely wounded.
Your mature batfire beast hits the golden dragon.
The golden dragon bites you!!!
You die...

#.>..#.##...#### ##.
##.#.####.....## ##
##(.#.#.#.......# #.
#...#.#(#.......# ###.
##...#.#.#.......####...
#..#.....##.....###.....
#..#.#..####...##....###
#######>#.###'#####''##.
#HD@..##...##.......
#.#'###.....#.......
###..[..............
##...#.......#......
##....'.......#......
#.....##.....##......
#......##...##.......
#.#'#'#.###'#...⌠....
###...##.##..........


You could see a golden dragon (berserk, ally target) and a friendly mature
batfire beast (summoned).

Vanquished Creatures
  An ancient lich (Depths:4)
  7 juggernauts
  Xtahua (Depths:4)
  Boris (Vaults:4)
  6 caustic shrikes
  3 curse toes (Zot:3)
  3 golden dragons
  Nikola (Swamp:4)
  A bone dragon (Depths:1)
  2 doom hounds (Depths:3)
  6 tentacled monstrosities
  Jorgrun (Swamp:2)
  A hellephant (Abyss:4)
  Rupert (D:13)
  A walking crystal tome (Depths:3)
  Mlioglotl (Swamp:4)
  4 liches
  A titan (Depths:4)
  Grunn (Depths:3)
  5 sphinxes
  2 quicksilver dragons (Zot:3)
  Gastronok (Lair:1)
  9 death cobs
  2 deep elf master archers (Elf:3)
  2 walking earthen tomes (Depths:3)
  A walking divine tome (Depths:3)
  2 deep elf blademasters (Elf:3)
  10 shadow dragons
  A tentacled starspawn (Abyss:4)
  9 storm dragons
  The ghost of Picsou the Peltast, an adept MiFi of Trog (Spider:2)
  Roxanne (Elf:1)
  2 thorn hunters
  Kirke (Lair:4)
  3 tengu reavers
  7 fire giants
  6 draconian knights (Zot:3)
  5 draconian monks (Zot:3)
  2 draconian shifters (Zot:3)
  11 frost giants
  11 vault wardens
  5 emperor scorpions
  3 iron dragons
  4 draconian scorchers
  5 deep elf sorcerers (Elf:3)
  A fenstrider witch (Swamp:2)
  2 deep elf elementalists (Elf:3)
  10 ghost moths
  16 very ugly things
  4 orc warlords
  4 spriggan defenders
  A draconian stormcaller (Zot:1)
  4 formless jellyfish
  5 draconian annihilators
  21 stone giants
  7 green draconians
  5 ironbound thunderhulks
  A caustic shrike skeleton (Abyss:3)
  13 ironbound preservers
  A lorocyproca (Depths:1)
  10 eleionomae
  7 dire elephants
  5 deep elf demonologists
  2 vampire knights
  Nessos (D:12)
  6 red draconians (Zot:3)
  9 deep elf annihilators
  2 purple draconians (Zot:3)
  5 yellow draconians (Zot:3)
  4 bunyips
  3 deep elf death magi
  7 war gargoyles
  3 black draconians (Zot:3)
  8 white draconians
  4 spark wasps
  The ghost of Cooqonn the Thaumaturge, a journeyman DsAl of Kikubaaqudgha (D:12)
  12 fire dragons
  9 ettins
  7 entropy weavers
  11 yaktaur captains
  A deep elf high priest (Vaults:1)
  2 shambling mangroves
  Josephine (D:13)
  A merfolk javelineer (Depths:1)
  14 ice dragons
  6 great orbs of eyes
  4 peacekeepers
  5 rakshasas
  4 radroaches
  21 hydras
  4 catoblepae
  6 vault guards
  7 alligators
  A jorogumo (Spider:2)
  5 ironbound frosthearts
  An anaconda (shapeshifter) (Elf:2)
  8 dancing weapons
  10 boulder beetles
  A ghost crab (Swamp:3)
  7 spriggan air magi
  3 death yaks (Lair:3)
  2 death knights (Vaults:3)
  12 centaur warriors
  A vampire mage (Depths:2)
  10 deep troll earth magi
  4 two-headed ogres
  11 deep troll shamans
  4 tengu warriors
  4 demonic crawlers
  2 orc high priests (Vaults:2)
  4 spriggan berserkers
  3 occultists
  2 thrashing horrors (Abyss:3)
  9 hell knights
  Sonja (Lair:2)
  A shock serpent (shapeshifter) (Vaults:2)
  6 deep elf knights
  A sun demon (Abyss:4)
  4 iron trolls
  6 pharaoh ants
  A skyshark (Lair:4)
  A shadow wraith (Vaults:3)
  4 goliath frogs
  A death drake (Abyss:4)
  42 deep trolls
  2 spark wasp zombies (Depths:1)
  4 spriggan druids
  3 large abominations
  6 glowing orange brains
  A shadow demon (Depths:2)
  11 orb spiders
  4 flayed ghosts
  5 arcanists
  3 bog bodies
  3 sun moths
  16 swamp dragons
  A swamp dragon (shapeshifter) (Depths:2)
  A tengu zombie (Vaults:3)
  10 orc knights
  15 ironbound convokers
  17 deep elf zephyrmancers
  4 lindwurms
  A phantasmal warrior (Vaults:1)
  12 deep elf archers
  19 deep elf pyromancers
  6 steelbarb worms
  20 wolf spiders
  2 oklob plants (Lair:4)
  8 cyclopes
  8 necromancers
  4 manticores
  8 orc sorcerers
  Maurice (D:8)
  4 will-o-the-wisps
  A meliai (shapeshifter) (Elf:3)
  27 ugly things
  10 moths of wrath
  A black mamba (shapeshifter) (Elf:1)
  An eye of devastation (Abyss:2)
  18 meliai
  A stone giant skeleton (Abyss:2)
  An apocalypse crab (Abyss:3)
  14 elephants
  A fire giant skeleton (Depths:1)
  4 black mambas
  A water nymph (shapeshifter) (Depths:4)
  4 torpor snails
  Jeremiah (D:8)
  Maggie (D:9)
  16 vault sentinels
  7 cane toads
  A gargoyle (D:10)
  A centaur skeleton (D:15)
  A freezing wraith (IceCv)
  2 unseen horrors (D:10)
  7 komodo dragons
  A kobold demonologist (D:10)
  4 ancient zymes
  An efreet (D:12)
  An unseen horror (shapeshifter) (Abyss:3)
  6 yaktaurs
  2 spriggan skeletons
  4 catoblepas skeletons (Abyss:4)
  A bloated husk (Swamp:2)
  Psyche (D:8)
  A bunyip simulacrum (Swamp:4)
  A queen bee (Lair:5)
  8 trolls
  2 tengu conjurers
  A merfolk (shapeshifter) (D:13)
  6 polar bears
  A tengu simulacrum (Depths:1)
  A hydra zombie (Swamp:4)
  An alligator simulacrum (Swamp:4)
  5 starcursed masses
  A hellwing (Abyss:3)
  10 tyrant leeches
  22 hornets
  A wolf spider simulacrum (D:15)
  5 glass eyes
  7 blink frogs
  A raiju (Abyss:2)
  4 dream sheep
  33 tarantellas
  33 jumping spiders
  31 culicivoras
  An ettin skeleton (Depths:1)
  25 spriggans
  A centaur simulacrum (D:15)
  36 slime creatures
  4 air elementals
  3 water elementals
  6 wraiths
  A ynoxinul (Abyss:3)
  3 wyverns
  3 humans (D:7)
  43 yaks
  3 fire elementals
  A hog (Lair:4)
  45 redbacks
  8 wargs (Orc:2)
  5 basilisks
  3 human simulacra
  17 vampire mosquitoes
  16 swamp worms
  A harpy simulacrum (IceCv)
  A human zombie (Depths:1)
  An acid dragon (D:12)
  14 water moccasins
  A nameless horror (Elf:2)
  A swamp worm (shapeshifter) (Depths:4)
  3 sky beasts
  11 swamp drakes
  18 orc warriors
  7 laughing skulls
  8 black bears
  2 swamp dragon zombies (Swamp:4)
  An ice beast (D:8)
  5 ogres
  An ogre (shapeshifter) (Abyss:4)
  4 boggarts (Lair:5)
  28 wolves
  24 centaurs
  A phantom (D:6)
  2 weeping skulls
  3 kobold brigands
  13 bullfrogs
  3 gnoll sergeants
  2 scorpions
  10 earth elementals
  A cane toad simulacrum (Lair:4)
  3 wights (D:10)
  18 killer bees
  A swamp dragon simulacrum (Swamp:4)
  An electric eel (Spider:4)
  2 elephant simulacra (IceCv)
  7 howler monkeys
  3 bombardier beetles
  2 hounds
  16 orc priests
  A jelly (D:8)
  2 gnoll boudas
  2 sleepcaps
  2 iguanas
  26 orc wizards
  6 hell rats (Lair:2)
  A polar bear simulacrum (IceCv)
  18 gnolls
  8 river rats (Lair:2)
  12 adders
  2 white imps
  5 ufetubi
  2 dart slugs
  A ribbon worm (D:2)
  70 orcs
  5 ball pythons
  5 endoplasms
  6 giant cockroaches
  6 goblins
  5 hobgoblins
  11 jackals
  18 kobolds
  2 quokkas
  6 bats
  5 frilled lizards
  5 rats
1804 creatures vanquished.

Vanquished Creatures (collateral kills)
  An ancient lich (Vaults:3)
  A curse toe (Zot:3)
  A golden dragon (Depths:4)
  A lich (Depths:1)
  2 titans (Depths:4)
  2 walking divine tomes (Depths:4)
  A quicksilver dragon (Depths:4)
  2 death cobs (Zot:3)
  2 fire giants
  2 emperor scorpions (Spider:4)
  6 frost giants
  5 vault wardens
  A deep elf sorcerer (Elf:3)
  A stone giant (Depths:2)
  4 ironbound preservers
  An ironbound thunderhulk (Vaults:3)
  A deep elf death mage (Elf:3)
  A white draconian (Zot:3)
  A deep elf annihilator (Elf:3)
  2 red draconians (Zot:3)
  A rakshasa (Depths:2)
  21 vault guards
  A peacekeeper (Vaults:4)
  2 spriggan air magi
  2 ironbound frosthearts
  13 dancing weapons
  2 hell knights (Depths:4)
  3 spriggan berserkers
  A wretched star (Abyss:3)
  3 deep trolls
  3 deep elf archers
  2 orc knights (Vaults:2)
  A necromancer (Depths:1)
  A steelbarb worm (Spider:4)
  A golden dragon skeleton (Depths:1)
  A deep elf pyromancer (Elf:2)
  A deep elf zephyrmancer (Elf:2)
  An iron dragon skeleton (Depths:1)
  A meliai (shapeshifter) (Elf:2)
  2 vault sentinels
  A torpor snail (Spider:4)
  A raiju (Depths:1)
  3 water elementals
  A basilisk (Abyss:4)
  A spatial vortex (Abyss:3)
  An orc warrior (Vaults:2)
  A weeping skull (Abyss:3)
  2 earth elementals
  5 wights (D:7)
  A gnoll (D:6)
  An ufetubus (D:6)
119 creatures vanquished.

Vanquished Creatures (others)
  A draconian knight (Zot:3)
  A purple draconian (Zot:3)
  2 deep elf high priests (Elf:3)
  A vault guard (Vaults:5)
  A deep elf knight (Elf:1)
  2 spriggan berserkers (Depths:4)
  10 dancing weapons
  2 bloated husks
  A hornet (Depths:1)
  A ynoxinul (Abyss:3)
  2 humans (Lair:4)
  A nameless horror (Elf:2)
  A bullfrog (Lair:4)
  An earth elemental (Elf:2)
  50 foxfires
  A lurking horror (Abyss:3)
78 creatures vanquished.

Grand Total: 2001 creatures vanquished

Notes
Turn   | Place    | Note
-------+----------+-------------------------------------------
     0 | D:1      | tilp the Vampire Enchanter began the quest for the Orb.
     0 | D:1      | Reached XP level 1. HP: 13/13 MP: 3/3
    73 | D:1      | Reached XP level 2. HP: 17/20 MP: 5/5
    87 | D:1      | Learned a level 2 spell: Ensorcelled Hibernation
   395 | D:1      | Reached skill level 1 in Fighting
   395 | D:1      | Gained mutation: You are afflicted with vampirism and can
                  | become a bat while bloodless. [Vampire growth]
   395 | D:1      | Reached XP level 3. HP: 25/26 MP: 6/6
  1232 | D:2      | Reached XP level 4. HP: 32/32 MP: 4/7
  1482 | D:2      | Found Tunnom's Book Shop.
  1656 | D:2      | Reached skill level 5 in Hexes
  2107 | D:2      | Reached skill level 5 in Stealth
  2567 | D:3      | Reached skill level 1 in Ice Magic
  2567 | D:3      | Reached XP level 5. HP: 38/38 MP: 5/8
  2607 | D:3      | Learned a level 3 spell: Confusing Touch
  2611 | D:3      | Learned a level 3 spell: Tukima's Dance
  2999 | D:3      | Found an iron altar of Okawaru.
  3283 | D:4      | Reached XP level 6. HP: 44/44 MP: 8/10
  3398 | D:4      | Found Wezuteed's Antique Weapon Shop.
  3590 | D:4      | Reached XP level 7. HP: 51/51 MP: 5/11
  4104 | D:4      | Learned a level 3 spell: Dazzling Flash
  4109 | D:5      | Entered Level 5 of the Dungeon
  4136 | D:5      | Found an opulent altar of Gozag.
  4440 | D:5      | Found a broken altar of Ashenzari.
  4673 | D:5      | Reached skill level 6 in Hexes
  5008 | D:5      | Reached skill level 1 in Evocations
  5461 | D:6      | Found a sparkling altar of Nemelex Xobeh.
  5552 | D:6      | Found a staircase to the Ecumenical Temple.
  5561 | D:6      | Reached XP level 8. HP: 58/59 MP: 8/12
  5573 | Temple   | Entered the Ecumenical Temple
  5705 | D:6      | Reached skill level 1 in Conjurations
  5856 | D:6      | Reached skill level 5 in Short Blades
  5998 | D:6      | Found a hide-covered altar of Uskayaw.
  6514 | D:7      | Reached skill level 7 in Hexes
  6528 | D:7      | Found a burning altar of Makhleb.
  6701 | D:7      | Reached XP level 9. HP: 67/67 MP: 13/15
  6795 | D:7      | Reached skill level 5 in Fighting
  7683 | D:8      | Noticed Maurice
  7689 | D:8      | Maurice stole 331 gold
  7692 | D:8      | Maurice stole a throwing net {!f}
  7693 | D:8      | Maurice stole an amulet of faith
  7700 | D:8      | Killed Maurice
  7701 | D:8      | Reached skill level 8 in Hexes
  7936 | D:8      | Found a bloodstained altar of Trog.
  7983 | D:8      | Noticed Jeremiah
  7986 | D:8      | Killed Jeremiah
  8051 | D:8      | Reached XP level 10. HP: 64/76 MP: 14/17
  8053 | D:8      | Reached skill level 5 in Spellcasting
  8195 | D:8      | Found a stormy altar of Qazlal.
  8230 | D:8      | Found an ornate altar of the Wu Jian Council.
  8526 | D:8      | Noticed Psyche
  8530 | D:8      | Killed Psyche
  8554 | D:8      | Found a shadowy altar of Dithmenos.
  8567 | D:8      | Found a sacrificial altar of Ru.
  8620 | D:8      | Became a worshipper of the Wu Jian Council
  8761 | D:9      | Found a radiant altar of Vehumet.
  8763 | D:9      | Noticed Maggie
  8768 | D:9      | Killed Maggie
  8769 | D:9      | Reached skill level 10 in Stealth
  8965 | D:9      | Reached skill level 10 in Short Blades
  9202 | D:9      | Found a staircase to the Lair.
  9328 | D:9      | Found a basalt altar of Yredelemnul.
  9496 | D:10     | Entered Level 10 of the Dungeon
  9510 | D:10     | Reached * piety under Wu Jian
  9513 | D:10     | Reached skill level 1 in Armour
  9853 | D:10     | Reached XP level 11. HP: 83/83 MP: 11/18
  9858 | D:10     | Reached skill level 9 in Hexes
 10006 | D:10     | Noticed a two-headed ogre
 10014 | D:10     | Killed a two-headed ogre
 10664 | D:10     | Reached skill level 5 in Dodging
 10684 | D:10     | Found a shimmering altar of Xom.
 10830 | D:11     | Reached ** piety under Wu Jian
 10869 | D:11     | Reached skill level 10 in Hexes
 11081 | D:11     | Found a portal to a secret trove of treasure.
 11111 | D:11     | Noticed a two-headed ogre
 11114 | D:11     | Killed a two-headed ogre
 11200 | D:11     | Noticed a two-headed ogre
 11206 | D:11     | Killed a two-headed ogre
 11207 | D:11     | Reached skill level 5 in Evocations
 11408 | D:11     | Found a staircase to the Orcish Mines.
 11623 | D:11     | Found Fyak's Vocational Training.
 11671 | D:11     | Learned a level 5 spell: Yara's Violent Unravelling
 11715 | Lair:1   | Entered Level 1 of the Lair of Beasts
 11763 | Lair:1   | Noticed Gastronok
 11789 | Lair:1   | Killed Gastronok
 11790 | Lair:1   | Reached skill level 11 in Hexes
 11790 | Lair:1   | Reached XP level 12. HP: 14/92 MP: 7/21
 12714 | Lair:1   | Reached *** piety under Wu Jian
 13071 | Lair:2   | Noticed Sonja
 13077 | Lair:2   | Killed Sonja
 13398 | Lair:2   | Reached skill level 12 in Hexes
 13954 | Lair:2   | Found a hole to the Spider Nest.
 14272 | Lair:3   | Identified a scroll of acquirement
 14272 | Lair:3   | Acquired the +5 Storm Queen's Shield {shock, Fly rElec}
 14272 | Lair:3   | Found the +5 Storm Queen's Shield {shock, Fly rElec}
 14325 | Lair:3   | Noticed a four-headed hydra
 14327 | Lair:3   | Noticed an eight-headed hydra
 14335 | Lair:3   | Killed an eight-headed hydra
 14340 | Lair:3   | Killed a four-headed hydra
 14341 | Lair:3   | Reached skill level 10 in Fighting
 14370 | Lair:3   | Found a staircase to the Swamp.
 14394 | Lair:3   | Acquired the ring of the Suburbs {EV+5 Int+6}
 14628 | Lair:3   | Noticed a death yak
 14629 | Lair:3   | Reached **** piety under Wu Jian
 14630 | Lair:3   | Noticed a death yak
 14634 | Lair:3   | Noticed a death yak
 14641 | Lair:3   | Killed a death yak
 14642 | Lair:3   | Reached skill level 1 in Alchemy
 14643 | Lair:3   | Killed a death yak
 14644 | Lair:3   | Reached skill level 1 in Shields
 14647 | Lair:3   | Killed a death yak
 14648 | Lair:3   | Reached XP level 13. HP: 67/103 MP: 10/23
 15178 | Lair:4   | Noticed Kirke
 15195 | Lair:4   | Killed Kirke
 15226 | Lair:4   | Found a frozen archway.
 15305 | IceCv    | Entered an ice cave
 15312 | IceCv    | Found a transporter.
 15520 | IceCv    | Found a transporter.
 15578 | Lair:4   | Identified the amulet "Muibusep" {Reflect +Inv MP+9 Str+5
                  | Slay-3 SH+5}
 16194 | Lair:4   | Found a viscous altar of Jiyva.
 16220 | Lair:4   | Found a staircase to the Slime Pits.
 16237 | Lair:4   | Learned a level 5 spell: Silence
 16258 | Lair:5   | Entered Level 5 of the Lair of Beasts
 16564 | Lair:5   | Reached skill level 1 in Air Magic
 16837 | Lair:5   | Reached skill level 13 in Hexes
 17003 | Lair:5   | Reached ***** piety under Wu Jian
 17253 | Lair:5   | Identified the +5 spear of the Swamp {holy, rPois rF+ Dex+4
                  | Stlth+}
 18053 | Lair:5   | Reached XP level 14. HP: 113/113 MP: 21/24
 18321 | Lair:5   | Identified the +1 leather armour of Dyuq {Str+2}
 18324 | Lair:5   | Acquired a +2 quick blade of venom
 19001 | Orc:1    | Entered Level 1 of the Orcish Mines
 19239 | Orc:1    | Reached skill level 5 in Armour
 19473 | Orc:2    | Entered Level 2 of the Orcish Mines
 19476 | Orc:2    | Found a staircase to the Elven Halls.
 19502 | Orc:2    | Found Emnies's Armour Shop.
 19719 | Orc:2    | Found a bloodstained altar of Trog.
 19827 | Orc:2    | Reached ****** piety under Wu Jian
 20327 | Orc:2    | Reached skill level 14 in Hexes
 20948 | Orc:2    | Found a roughly hewn altar of Beogh.
 20973 | Orc:2    | Found Fall's Assorted Antiques.
 20979 | Orc:2    | Found Kejoe's Jewellery Boutique.
 21123 | Orc:2    | Found Saojec's Antique Armour Boutique.
 21124 | Orc:2    | Found Leariu's Distillery.
 21231 | Orc:2    | Bought a potion of attraction for 33 gold pieces
 21450 | D:2      | Bought a book of Misfortune for 408 gold pieces
 21645 | D:11     | Bought a manual of Evocations for 1360 gold pieces
 21864 | D:12     | Found Raunim's General Store.
 21880 | D:12     | Bought a scroll of enchant armour for 90 gold pieces
 21880 | D:12     | Bought a scroll of fear for 48 gold pieces
 21972 | D:12     | Noticed Nessos
 21978 | D:12     | Killed Nessos
 21989 | D:12     | Found a runed translucent door.
 21991 | D:12     | Noticed Cooqonn's ghost (journeyman DsAl)
 22010 | D:12     | Found Nujazxel's Armour Boutique.
 22024 | D:12     | Found Tocw's Assorted Antiques.
 22126 | D:12     | Found a transporter.
 22126 | D:12     | Found Vasch's Book Boutique.
 22155 | D:12     | Found Rerhonai's Antique Armour Boutique.
 22307 | D:12     | Found a transporter.
 22538 | D:12     | Killed Cooqonn's ghost
 22539 | D:12     | Reached skill level 15 in Stealth
 22723 | D:13     | Noticed Josephine
 22741 | D:13     | Killed Josephine
 23077 | D:13     | Noticed Rupert
 23874 | D:13     | Killed Rupert
 23875 | D:13     | Reached XP level 15. HP: 123/123 MP: 23/25
 24141 | D:14     | Reached skill level 15 in Hexes
 24699 | D:14     | Reached skill level 10 in Dodging
 25106 | D:14     | Found a gate to the Vaults.
 25522 | D:15     | Entered Level 15 of the Dungeon
 26102 | D:15     | Found Niyr's Assorted Antiques.
 26498 | D:15     | Found a staircase to the Depths.
 27031 | Spider:1 | Entered Level 1 of the Spider Nest
 27353 | Spider:1 | Reached skill level 10 in Evocations
 27909 | Spider:1 | Reached skill level 15 in Fighting
 28263 | Spider:2 | Reached XP level 16. HP: 136/136 MP: 26/26
 28463 | Spider:1 | Learned a level 7 spell: Enfeeble
 28982 | Spider:2 | Found a runed translucent door.
 28995 | Spider:2 | Noticed Picsou's ghost (adept MiFi)
 30768 | Spider:4 | Entered Level 4 of the Spider Nest
 31944 | Spider:4 | Reached XP level 17. HP: 129/145 MP: 15/27
 32593 | Spider:4 | Reached XP level 18. HP: 154/154 MP: 28/28
 32603 | Spider:4 | Got a gossamer rune of Zot
 32836 | Spider:2 | Killed Picsou's ghost
 33059 | Swamp:1  | Entered Level 1 of the Swamp
 33573 | D:12     | Bought a bubbling orange potion for 27 gold pieces
 34544 | Swamp:1  | Learned a level 2 spell: Blink
 35279 | Swamp:2  | Noticed Jorgrun
 35307 | Swamp:2  | Killed Jorgrun
 35308 | Swamp:2  | Reached skill level 1 in Translocations
 35688 | Swamp:2  | Identified the +2 leather armour of Shielding {Str+4 SInv}
 37949 | Swamp:4  | Entered Level 4 of the Swamp
 37949 | Swamp:4  | Noticed Nikola
 37950 | Swamp:4  | Killed Nikola
 37957 | Swamp:4  | Noticed Mlioglotl
 38045 | Swamp:4  | Killed Mlioglotl
 38915 | Swamp:4  | Reached XP level 19. HP: 154/163 MP: 26/29
 39126 | Swamp:4  | Reached skill level 1 in Throwing
 39872 | Swamp:4  | Identified the ring of the Skiapode {+Blink rN+ rCorr
                  | Dex+4}
 40365 | Swamp:4  | Got a decaying rune of Zot
 40604 | D:12     | Bought the +4 scale mail of Dust Devil {rF++ Will+ Regen+
                  | Int+4} for 687 gold pieces
 40674 | Elf:1    | Entered Level 1 of the Elven Halls
 40681 | Elf:1    | Paralysed by an air elemental for 1 turns
 40768 | Elf:1    | Paralysed by an air elemental for 1 turns
 40783 | Orc:2    | Paralysed by an air elemental for 1 turns
 40913 | Elf:1    | Found Kasep's Antique Armour Shop.
 41159 | Elf:1    | You are sucked into a shaft and drop 1 floor!
 41209 | Elf:1    | Found a radiant altar of Vehumet.
 41671 | Elf:1    | Noticed Roxanne
 41903 | Elf:1    | Got the Papyrus of the Mutated Fjord
 42208 | Elf:1    | Paralysed by an air elemental for 1 turns
 42218 | Elf:1    | Paralysed by an air elemental for 1 turns
 43532 | Vaults:1 | Entered Level 1 of the Vaults
 43607 | D:14     | Reached skill level 5 in Alchemy
 44002 | Vaults:1 | Paralysed by a formless jellyfish for 1 turns
 44092 | Vaults:1 | Reached skill level 5 in Shields
 45581 | Elf:1    | Bought a pair of smoking gloves for 275 gold pieces
 45581 | Elf:1    | Identified the +0 pair of gloves of Zuffel {rElec} (You
                  | bought it in a shop on level 1 of the Elven Halls)
 45817 | Vaults:1 | Found Impym's Weapon Shop.
 46352 | Vaults:1 | Reached XP level 20. HP: 172/172 MP: 31/31
 46741 | Vaults:1 | Found Raymp's Magic Scroll Boutique.
 46744 | Vaults:1 | Bought a scroll of teleportation for 48 gold pieces
 46744 | Vaults:1 | Bought a scroll of teleportation for 48 gold pieces
 46792 | Vaults:1 | Reached skill level 16 in Hexes
 48888 | Vaults:2 | Found Tetikk's Assorted Antiques.
 48933 | Vaults:2 | Bought a scroll labelled NITUQ MOTE for 26 gold pieces
 49395 | Vaults:2 | Acquired the +1 pair of gloves of Untruth {rC+++ rCorr}
 50690 | Vaults:3 | Found a staircase to the Crypt.
 51041 | Vaults:3 | Reached skill level 17 in Hexes
 51243 | Vaults:3 | Noticed an ancient lich
 51280 | Vaults:3 | Killed an ancient lich
 52231 | Vaults:3 | Upgraded the game from 0.32-a0-305-gcc768c7156 to
                  | 0.32-a0-314-g526f7d4993
 52333 | Vaults:4 | Found Kycsoy's Book Emporium.
 52339 | Vaults:4 | Identified the +2 robe of Nichucle {Str+3}
 52339 | Vaults:4 | Noticed Boris
 52500 | Vaults:4 | HP: 6/163 [Boris (17)]
 52519 | Vaults:4 | Killed Boris
 52643 | Vaults:4 | Reached XP level 21. HP: 174/175 MP: 33/33
 53255 | Vaults:4 | Found Leon's Weapon Emporium.
 53341 | Vaults:4 | Found Atear's General Store.
 53538 | Vaults:4 | Reached skill level 18 in Hexes
 53888 | Vaults:4 | Found Yzaduix's Jewellery Boutique.
 54113 | Vaults:4 | Bought a book of Beasts for 432 gold pieces
 54119 | Vaults:4 | Learned a level 5 spell: Summon Mana Viper
 54392 | Elf:2    | Reached skill level 15 in Evocations
 54996 | Elf:2    | Reached skill level 1 in Summonings
 55176 | Elf:2    | Found a runed translucent gate.
 55177 | Elf:2    | Found a runed translucent gate.
 55177 | Elf:2    | Found a runed translucent gate.
 55618 | Elf:3    | Entered Level 3 of the Elven Halls
 56154 | Elf:3    | Found Qumajeif's Weapon Shoppe.
 56398 | Elf:1    | Killed Roxanne
 56578 | Depths:1 | Entered Level 1 of the Depths
 57343 | Depths:1 | Found a one-way gate to the infinite horrors of the Abyss.
 57690 | Depths:1 | Found a stormy altar of Qazlal.
 57722 | Depths:1 | Found a gateway to Hell.
 58749 | Depths:1 | Found a stormy altar of Qazlal.
 59028 | Depths:1 | Found a one-way gate to the infinite horrors of the Abyss.
 59206 | Depths:1 | Found a gateway to Hell.
 59370 | Depths:2 | Reached skill level 15 in Dodging
 60573 | Depths:2 | Reached XP level 22. HP: 188/190 MP: 35/35
 60842 | Depths:2 | Got the Elucidation of the Platytaur
 60908 | Depths:2 | Reached skill level 19 in Hexes
 61167 | Depths:2 | Found a shimmering altar of Xom.
 61259 | Depths:2 | Acquired 1003 gold pieces
 61404 | Depths:2 | Found a one-way gate leading to the halls of Pandemonium.
 61433 | Depths:2 | Found a one-way gateway to a ziggurat.
 61474 | Depths:2 | Identified the +9 halberd "Vyocsumi" {elec, rPois Will+++
                  | Str-5 Int+3}
 61608 | Depths:2 | Found a runed translucent gate.
 61608 | Depths:2 | Found a runed translucent gate.
 61608 | Depths:2 | Found a runed translucent gate.
 61608 | Depths:2 | Noticed lDtest's ghost (veteran OnFE)
 61611 | Depths:2 | Found a viscous altar of Jiyva.
 61648 | Depths:2 | Noticed a juggernaut
 61665 | Depths:2 | Killed a juggernaut
 61678 | Depths:2 | Reached skill level 10 in Spellcasting
 61696 | Depths:2 | Reached skill level 20 in Hexes
 61896 | Depths:2 | Identified the +3 leather armour of Objectivity {Str+5
                  | Dex+6}
 62330 | Depths:2 | Identified the +1 pair of gloves of Coalalla {Int+3}
 62612 | Depths:2 | Reached skill level 21 in Hexes
 63411 | Depths:3 | Noticed a juggernaut
 63425 | Depths:3 | Killed a juggernaut
 63596 | Depths:3 | Noticed a caustic shrike
 64237 | Depths:3 | Killed a caustic shrike
 64238 | Depths:3 | Reached skill level 22 in Hexes
 64329 | Depths:3 | Noticed Grunn
 64334 | Depths:3 | Noticed a juggernaut
 64836 | Depths:3 | Noticed a golden dragon
 64875 | Depths:3 | Killed a golden dragon
 65029 | Depths:3 | Killed Grunn
 65317 | Depths:3 | Found the +7 hand cannon "Mule" {flame, backblast, rF+}
 65368 | Depths:3 | Killed a juggernaut
 65601 | Depths:3 | Identified the ring "Ziricw" {rElec rC- Will+++ Str-5
                  | Int+6}
 65632 | Depths:3 | Found a snail-covered altar of Cheibriados.
 65809 | Depths:4 | Entered Level 4 of the Depths
 65861 | Depths:3 | Noticed a juggernaut
 65877 | Depths:3 | Killed a juggernaut
 66416 | Depths:3 | Reached XP level 23. HP: 153/197 MP: 0/38
 66938 | Depths:4 | Noticed a juggernaut
 66944 | Depths:4 | Killed a juggernaut
 67128 | Depths:4 | Noticed a caustic shrike
 67128 | Depths:4 | Noticed a caustic shrike
 67143 | Depths:4 | Killed a caustic shrike
 67269 | Depths:4 | Killed a caustic shrike
 67270 | Depths:4 | Noticed a caustic shrike
 67274 | Depths:4 | Noticed a caustic shrike
 67285 | Depths:4 | Killed a caustic shrike
 67298 | Depths:4 | Killed a caustic shrike
 67454 | Depths:4 | Found a gate to the Realm of Zot.
 69200 | Elf:3    | Reached skill level 5 in Throwing
 69942 | Elf:3    | Identified the amulet "Ahechol" {Faith Will+ Stlth+}
 70216 | Elf:3    | Identified the +5 plate armour "Guydoin" {Str+3 Dex+3}
 70329 | Elf:3    | Identified the +4 arbalest "Vybledemi" {antimagic, Int+2}
 70342 | Elf:3    | Identified the +0 robe of Lust {rCorr Dex+2}
 70950 | Orc:2    | Bought a potion of haste for 110 gold pieces
 70950 | Orc:2    | Bought a potion of haste for 110 gold pieces
 70980 | Orc:2    | Bought a lightning rod (4/4) for 1280 gold pieces
 71081 | D:12     | Bought a twisted chain mail for 294 gold pieces
 71081 | D:12     | Identified the +5 chain mail of Snakes and Ladders {Harm
                  | Int+4} (You bought it in a shop on level 12 of the Dungeon)
 71081 | D:12     | Bought a shimmering chain mail for 294 gold pieces
 71081 | D:12     | Identified the +0 chain mail of Leapfrog {Str+2 Int-3 SInv}
                  | (You bought it in a shop on level 12 of the Dungeon)
 71245 | Vaults:2 | Bought a scroll of blinking for 195 gold pieces
 71364 | Vaults:1 | Bought a scroll of revelation for 120 gold pieces
 71582 | Depths:1 | Voluntarily entered the Abyss.
 72050 | Abyss:3  | HP: 5/138 [caustic shrike skeleton (2)]
 72213 | Depths:1 | Escaped the Abyss
 72437 | Depths:1 | Voluntarily entered the Abyss.
 72451 | Abyss:4  | Got an abyssal rune of Zot
 72621 | Abyss:4  | Found a corrupted altar of Lugonu.
 72664 | Depths:1 | Escaped the Abyss
 72812 | Depths:4 | Found a shadowy altar of Dithmenos.
 72813 | Depths:4 | Found an iron altar of Okawaru.
 72813 | Depths:4 | Found a shimmering altar of Xom.
 72813 | Depths:4 | Noticed Xtahua
 72816 | Depths:4 | Killed Xtahua
 72977 | Depths:4 | Noticed a juggernaut
 72983 | Depths:4 | Noticed a caustic shrike
 73060 | Depths:4 | Killed a juggernaut
 73161 | Depths:4 | Killed a caustic shrike
 74011 | Depths:4 | Noticed a juggernaut
 74235 | Depths:4 | Killed a juggernaut
 74495 | Depths:4 | Reached XP level 24. HP: 191/206 MP: 38/38
 74523 | Depths:4 | Identified the +7 spear "Birch" {venom, ^Contam rCorr
                  | Int+8}
 75689 | Depths:4 | Reached skill level 23 in Hexes
 76276 | Depths:4 | Noticed an ancient lich
 76290 | Depths:4 | Killed an ancient lich
 76406 | Depths:4 | Found the +18 shield of the Gong {Loud rN+ Will+ rCorr
                  | EV-5}
 76595 | Depths:4 | Learned a level 8 spell: Discord
 76960 | Vaults:5 | Entered Level 5 of the Vaults
 76990 | Vaults:5 | Identified the ring "Juij" {Fly rPois Int-5 Dex+6}
 77370 | Elf:1    | Bought a runed helmet for 217 gold pieces
 77527 | D:15     | Bought 3 potions of heal wounds for 300 gold pieces
 77527 | D:15     | Bought a potion of magic for 160 gold pieces
 77716 | Zot:1    | Entered Level 1 of the Realm of Zot
 78420 | Zot:3    | Got the Teachings on Interference
 78485 | Zot:3    | Reached skill level 10 in Shields
 81335 | Zot:3    | Reached XP level 25. HP: 215/215 MP: 25/39
 82567 | Zot:3    | Demolished by a golden dragon

Illustrated notes

Levels and vault maps discovered:
D:1:      tekkud_arrival_beachfront_property, layout_basic, minmay_surrounded
D:2:      layout_basic, serial_shops, shop_fountains
D:3:      layout_rooms, okawaru_metal_pillars_1_2, grunt_ministairs_2
D:4:      layout_cave_pools, serial_shops, nicolae_shop_dealshenge
D:5:      layout_basic, mainiacjoe_overflow_cross_hatched,
          mainiacjoe_overflow_six_doors_small, hex_medium
D:6:      layout_loops_ring, marbit_many_paths, eat_drink_and_be_merry_uskayaw,
          minmay_temple_entry_ruins
D:7:      layout_loops_corners, mainiacjoe_overflow_boulevard, minmay_ruffians
D:8:      layout_basic, mainiacjoe_overflow_small_starburst,
          grunt_dithmenos_smoke, mainiacjoe_overflow_divided_tiny,
          mainiacjoe_overflow_tiny_flanked, mainiacjoe_overflow_surrounded_room,
          uniq_jeremiah, uniq_maurice, uniq_psyche
D:9:      layout_roguey, kennysheep_mini, nicolae_vehumet_radiance,
          grunt_lair_entry_orc_guard_hut, uniq_maggie
D:10:     minmay_angry_zag, layout_basic, mainiacjoe_overflow_alcove_1
D:11:     layout_roguey, orc_0_dummy, nicolae_trove_entry_free_sample,
          nicolae_shop_vocational
D:12:     layout_loops_ring, hellmonk_ghost_happy_afterlife, serial_shops, shop,
          nicolae_shop_statue_plus, nicolae_shop_tiny_glass,
          nicolae_shop_drivethru, shop, uniq_nessos
D:13:     layout_loops_ring, uniq_josephine, uniq_rupert
D:14:     layout_loops_corners, hellmonk_vaults_attempted_burglary,
          minmay_staircase_windowed_large
D:15:     grunt_enter_depths_magical_seal, layout_loops_corners, serial_shops,
          shop, grunt_decor_junction
Temple:   hellmonk_temple_of_storms
Lair:1:   layout_cave_pods, serial_bayou_shore_b, serial_bayou_shore_a,
          uniq_gastronok
Lair:2:   layout_misc_corridors, hellmonk_spider_entry_life_and_decay,
          kennysheep_rathole, uniq_sonja
Lair:3:   layout_cave_pods, swamp_mist
Lair:4:   layout_regular_city, minmay_slime_entry_oklob_open,
          portal_ice_cave_entry_ice_simulacra, infiniplex_staircase_pool_2,
          uniq_kirke
Lair:5:   minmay_lair_end_enchanted_forest, layout_cave_pods, special_room
          [special_room_bee], kennysheep_basilisk_garden
Swamp:1:  layout_basic_swamp, hangedman_swamp_ruin_hall, swamp_pool_1_2,
          st_swamp_ruins_2
Swamp:2:  layout_basic_swamp, serial_swamp_ruin, evilmike_swamp_ruin_wall,
          evilmike_swamp_ruin_rubble_1, evilmike_swamp_ruin_house_5,
          nicolae_swamp_long_stream, uniq_jorgrun
Swamp:3:  layout_falls_marsh, infiniplex_staircase_pool, nicolae_swamp_no_escape
Swamp:4:  swamp, layout_basic_swamp, swamp_pool_1_2,
          nicolae_swamp_necromancer_hut, uniq_nikola, uniq_mlioglotl
Spider:1: layout_spider_delve
Spider:2: layout_spider_delve, ebering_ghost_inner_flame,
          nicolae_spider_solar_radiation
Spider:3: layout_spider_delve
Spider:4: grunt_spider_rune_circles
Orc:1:    layout_caves
Orc:2:    st_orc_town, layout_caves, serial_shops, nicolae_shop_peninsula,
          basic_altar
Elf:1:    minmay_elf_arrival_summoners, layout_geoelf_octagon, serial_shops,
          nicolae_shop_trees, nicolae_elf_crossing_hall, lemuel_upstairs_altar,
          uniq_roxanne
Elf:2:    nicolae_elf_blades_crystal_corner, layout_loops_corners
Elf:3:    elf_hall, layout_geoelf_octagon, serial_sigils,
          serial_sigils_hangedman_shear, serial_sigils_hangedman_clutch,
          serial_sigils_hangedman_quiver, serial_sigils_hangedman_shear,
          serial_sigils_hangedman_snap, serial_shops, shop
Vaults:1: nicolae_vaults_tetromino_T_1, nicolae_vaults_storage_room_doors,
          nicolae_vaults_apartment_1, grunt_vaults_twisty,
          dpeg_vaults_pockets_of_resistance, hangedman_vaults_nails,
          nicolae_vaults_tetromino_T_2, v_pattern_3,
          nicolae_vaults_taking_the_gang_shopping,
          nicolae_vaults_closet_pinwheel_4, vaults_room_stairs_pillars,
          layout_vaults_big_room, serial_shops, nicolae_shop_rolled_up
Vaults:2: nicolae_vaults_murder_corner, nicolae_vaults_tetromino_Z_2, v_misc_18,
          minmay_orc_keep, vaults_dpeg_ring, nicolae_vaults_cochlea,
          nicolae_vaults_tetromino_Z_1, v_alt_pattern_2,
          nicolae_vaults_six-pack, nicolae_vaults_house_1,
          layout_vaults_quadrants, serial_shops, shop
Vaults:3: nicolae_vaults_puzzle_piece, vaults_room_stairs_pillars,
          nicolae_vaults_stepped_doors, nicolae_vaults_trapezoid_layered,
          v_misc_31, nicolae_vaults_spaceships, nicolae_vaults_cornered_office,
          nicolae_vaults_closet_pinwheel_6, nicolae_vaults_circle_grid_a,
          blue_anna_dwarven_crypt, grunt_vaults_bifocal,
          nicolae_vaults_apartment_1, nicolae_vaults_theta,
          nicolae_vaults_murderbox, vaults_dpeg_hooks, layout_vaults_omnibox,
          uniq_margery
Vaults:4: v_misc_22, nicolae_vaults_steering_wheel, nicolae_vaults_tangram_2,
          nicolae_vaults_trapezoid_lopsided_4, ontoclasm_vaults_ligature,
          nicolae_vaults_trapezoid_1, nicolae_vaults_quartermaster, v_misc_19,
          nicolae_vaults_triangles, vaults_mumra_minichess,
          ontoclasm_vaults_shuriken, ontoclasm_vaults_fault, layout_vaults_ring,
          serial_shops, nicolae_book_shop_shelving, nicolae_shop_hallway_stairs,
          nicolae_shop_crystal, nicolae_shop_gaudy_bauble, uniq_boris
Vaults:5
Depths:1: layout_small_grid, hell_entry, nicolae_qazlal_general_emergency,
          abyss_entry_small_statue_room, zin_scriptorium,
          kennysheep_cross_landing
Depths:2: minmay_the_grid_octo_tiled_octocenter_mashed
          [minmay_the_grid_octo_chip, minmay_the_grid_octo_77,
          minmay_the_grid_octo_horde, minmay_the_grid_octo_vomiting_pacman,
          minmay_the_grid_octo_prize_ultimate_mussel_roller,
          minmay_the_grid_square_5x5_mess, minmay_the_grid_square_5x5_empty,
          minmay_the_grid_square_5x5_three_small,
          minmay_the_grid_square_5x5_forky], layout_cave_shapes,
          enter_ziggurat_b, abyss_entry, hell_entry, grunt_pan_entry_in_and_out,
          gammafunk_ghost_ooze, tgw_xom
Depths:3: minmay_swirls_squares, layout_gridlike, hell_entry,
          abyss_entry_glasseish, slow_altar_1, uniq_grunn
Depths:4: hangedman_slaughterboxes, pan_entry, hell_entry, abyss_entry,
          uniq_xtahua, uniq_josephina
Zot:1:    layout_gridlike
Zot:2:    layout_concentric_octagons
Zot:3:    bobbens_index_wilting_gardens, layout_twisted_circle,
          grunt_ministairs_2
Zot:4:    layout_onion_interference, ebering_ghost_xom,
          regret_index_zotdec_decaying_vile, zot_minivault_5

Skill      XL: |  1  2  3  4  5  6  7  8  9 10 11 12 13 14 15 16 17 18 19 20 21 22 23 24 |
---------------+-------------------------------------------------------------------------+-----
Fighting       | 1 2 3 4 6 7 10 11 13 15 16 17 18 19 20 21 | 21.7
Short Blades   | 2 3 4 6 7 10 11 12 13 14 | 14.0
Hexes          | 5 6 7 8 11 12 13 14 15 17 18 22 23 | 23.8
Stealth        | 5 6 7 9 10 11 12 13 15 16 17 18 19 20 | 20.0
Ice Magic      | 1 2 |  2.0
Dodging        | 3 4 5 6 7 9 10 11 12 13 15 16 | 16.8
Spellcasting   | 3 4 5 6 7 8 9 11 12 | 12.8
Evocations     | 1 2 3 4 5 6 7 10 11 12 14 15 16 | 16.3
Conjurations   | 1 2 3 4 |  4.0
Armour         | 1 2 4 5 6 7 8 9 |  9.0
Alchemy        | 1 4 5 6 |  6.0
Shields        | 1 2 4 5 6 8 9 10 | 10.0
Air Magic      | 2 4 |  4.0
Translocations | 4 |  4.0
Throwing       | 3 4 5 7 |  7.5
Summonings     | 3 4 |  4.0

Action                     |  1- 3 |  4- 6 |  7- 9 | 10-12 | 13-15 | 16-18 | 19-21 | 22-24 | 25-27 || total
---------------------------+-------+-------+-------+-------+-------+-------+-------+-------+-------++-------
  Melee: Dagger            |    87 |   153 |   276 |   403 |   809 |   745 |  1881 |  1979 |   128 ||  6461
         Bite              |    10 |    11 |    34 |    41 |    75 |   103 |   397 |   417 |    33 ||  1121
         Scimitar          |       |       |       |       |       |       |    63 |       |       ||    63
         Quick blade       |       |       |       |       |       |       |   128 |       |       ||   128
  Throw: Throwing net      |       |       |     1 |       |       |       |       |       |       ||     1
         Boomerang         |       |       |       |       |       |     7 |    10 |    26 |       ||    43
   Cast: Ensorcelled Hiber |     9 |    44 |    69 |   137 |   370 |   311 |   369 |    83 |     7 ||  1399
         Confusing Touch   |       |     3 |    10 |    17 |    37 |    59 |   148 |   135 |     2 ||   411
         Tukima's Dance    |       |       |     6 |     1 |       |     1 |    58 |    58 |     1 ||   125
         Dazzling Flash    |       |       |       |       |     8 |    12 |    65 |    51 |     3 ||   139
         Enfeeble          |       |       |       |       |       |       |    19 |   258 |    19 ||   296
         Silence           |       |       |       |       |       |       |     4 |     6 |       ||    10
         Summon Mana Viper |       |       |       |       |       |       |    29 |    52 |     1 ||    82
         Blink             |       |       |       |       |       |       |     1 |     4 |     1 ||     6
         Discord           |       |       |       |       |       |       |       |     1 |       ||     1
Ability: Lunge             |       |       |       |    39 |   102 |    75 |   132 |   121 |     3 ||   472
         Whirlwind         |       |       |       |     8 |    38 |    35 |    79 |    97 |     4 ||   261
  Evoke: Box of beasts     |       |       |       |       |       |     3 |     4 |     4 |     1 ||    12
         Phantom mirror    |       |       |       |       |       |     2 |     3 |     1 |       ||     6
         Wand              |       |       |       |       |       |     7 |     7 |     4 |     1 ||    19
         Tin of tremorston |       |       |       |       |       |       |     3 |     2 |       ||     5
    Use: Scroll            |     7 |     5 |     5 |    11 |     9 |     8 |    11 |    11 |     1 ||    68
         Potion            |       |       |       |       |       |     2 |     5 |     9 |     1 ||    17
   Stab: Sleeping          |    11 |    36 |    55 |   127 |   298 |   201 |   230 |    60 |     3 ||  1021
         Confused          |       |     3 |     8 |    20 |    33 |    58 |   116 |   119 |     2 ||   359
         Distracted        |       |       |     1 |     3 |     2 |     3 |     6 |    20 |       ||    35
         Invisible         |       |       |       |       |     7 |     6 |    54 |   227 |    16 ||   310
         Paralysed         |       |       |       |       |       |     1 |     1 |       |       ||     2
         Petrified         |       |       |       |       |       |       |       |     1 |       ||     1
 Armour: Robe              |    47 |    53 |     5 |       |       |       |       |       |       ||   105
         Leather armour    |       |       |   178 |     3 |       |       |       |       |       ||   181
         Steam dragon scal |       |       |       |   195 |   297 |   356 |    43 |       |       ||   891
         Scale mail        |       |       |       |       |       |       |   831 |   754 |    82 ||  1667
  Dodge: Dodged            |    42 |    76 |   237 |   224 |   569 |   445 |   735 |   750 |    88 ||  3166
  Block: Kite shield       |       |       |       |       |   400 |   662 |  1701 |  1443 |   137 ||  4343
         Reflection        |       |       |       |       |       |    19 |    93 |    48 |       ||   160

Table legend: (Time is in decaauts)
 A = Elapsed time spent in this place.
 B = Non-inter-level travel time spent in this place.
 C = Inter-level travel time spent in this place.
 D = Time resting spent in this place.
 E = Time spent auto-exploring this place.
 F = Levels seen in this place.
 G = Mean time per level.
                   A        B        C        D        E       F      G
               +--------+--------+--------+--------+--------+-----+--------+
         Total |  81021 |  73053 |   7968 |  24513 |  26221 |  53 | 1528.7 |
       Dungeon |  19841 |  16432 |   3409 |   2463 |  11177 |  15 | 1322.7 |
        Temple |      1 |      0 |      1 |      0 |      0 |   1 |    1.0 |
          Lair |   7357 |   6597 |    760 |    504 |   4845 |   5 | 1471.4 |
         Swamp |   7028 |   6735 |    293 |   3590 |   1509 |   4 | 1757.0 |
   Spider Nest |   5771 |   5557 |    214 |   2103 |   1352 |   4 | 1442.8 |
  Orcish Mines |   2567 |   2052 |    515 |     84 |   1418 |   2 | 1283.5 |
   Elven Halls |   7525 |   6921 |    604 |   2600 |   1973 |   3 | 2508.3 |
        Vaults |   9977 |   8859 |   1118 |   3149 |   1263 |   5 | 1995.4 |
        Depths |  15205 |  14188 |   1017 |   7241 |   2435 |   4 | 3801.2 |
           Zot |   4710 |   4676 |     34 |   2595 |    248 |   4 | 1177.5 |
         Abyss |    801 |    801 |      0 |      2 |      0 |   5 |  160.2 |
      Ice Cave |    233 |    233 |      0 |    179 |      0 |   1 |  233.0 |
               +--------+--------+--------+--------+--------+-----+--------+

Top non-repeatable levels by time:
Depths:4: 4911 daAuts
   Zot:3: 4225 daAuts
Depths:1: 3729 daAuts
   Elf:3: 3421 daAuts
Depths:2: 3323 daAuts
Depths:3: 3241 daAuts
Vaults:1: 2872 daAuts
   Elf:1: 2869 daAuts
 Swamp:2: 2778 daAuts
    D:14: 2607 daAuts
Vaults:3: 2561 daAuts
Vaults:2: 2535 daAuts
  Lair:5: 2532 daAuts
Vaults:4: 1976 daAuts
   Orc:2: 1888 daAuts
